Map: 레릴락 마루

Players

DarkHydra

  • Race: Terran Terran
  • League: Grandmaster

SoulKey - Winner!

  • Race: Zerg Zerg

Event: Gauntlet LotV Series 1 Qualifier 2

VOD

Have the link to the VOD?

Description

Time

  • Played on: Dec. 5, 2015, 3:23 p.m.
  • Length: 5:57

All games in this series

Show
View Real Time Build Order
Export as new Build Order

DarkHydra Terran 

Build Orders: Hellion Banshee 

Get SALT Encoding   

  12  0:00  SCV  
  13  0:12  SCV  
  14  0:17  Supply Depot  
  14  0:25  SCV  
  15  0:39  SCV, Barracks  
  16  0:51  SCV  
  17  1:03  SCV  
  18  1:15  SCV  
  19  1:27  Marine, Orbital Command  
  19  1:32  Command Center  
  20  1:42  Supply Depot  
  20  1:45  Marine  
  21  1:52  Refinery  
  21  1:53  SCV  
  22  1:56  Refinery  
  22  2:03  Marine  
  22  2:05  SCV  
  24  2:17  SCV  
  24  2:21  Marine  
  26  2:27  Supply Depot  
  26  2:29  SCV  
  27  2:41  SCV  
  27  2:43  Factory  
  28  2:47  Orbital Command  
  28  2:52  Barracks Reactor  
  28  2:58  SCV  
  28  3:08  Bunker  
  28  3:10  SCV  
  30  3:12  SCV  
  30  3:22  SCV  
  30  3:25  SCV  
  32  3:29  Starport  
  33  3:34  SCV  
  33  3:35  Hellion x2  
  33  3:37  SCV, Barracks Tech Lab  
  38  3:46  SCV  
  39  3:48  Command Center  
  39  3:49  SCV  
  38  3:58  SCV  
  38  4:01  SCV, Hellion x2  
  44  4:10  SCV  
  44  4:13  SCV  
  44  4:16  Banshee, Cloaking Field  
  48  4:22  SCV  
  49  4:25  SCV  
  50  4:34  SCV  
  50  4:36  Supply Depot x2  
  51  4:40  SCV  
  51  4:42  Hellion  
  51  4:43  Barracks Tech Lab  
  54  4:57  SCV x2  
  54  4:58  Hellion  
  54  4:59  Banshee  
  61  5:01  SCV  
  62  5:09  SCV x2  
  62  5:14  Marauder  
  67  5:15  Supply Depot, Orbital Command  
  67  5:16  Supply Depot  
  67  5:17  Barracks  
  66  5:21  SCV  
  66  5:25  Orbital Command  
Show
View Real Time Build Order
Export as new Build Order

SoulKey Zerg - Winner!

Build Orders: Hatch First 

Get SALT Encoding   

  12  0:01  Drone  
  13  0:12  Overlord  
  13  0:17  Drone  
  14  0:31  Drone x2  
  16  0:35  Drone  
  17  0:52  Hatchery  
  17  0:55  Drone  
  17  0:57  Drone  
  18  1:10  Extractor  
  17  1:12  Spawning Pool  
  17  1:16  Drone  
  17  1:19  Drone  
  18  1:29  Drone  
  19  1:39  Overlord  
  19  2:01  Queen, Zergling x4  
  21  2:04  Queen  
  21  2:05  Drone  
  26  2:11  Metabolic Boost  
  26  2:14  Drone  
  27  2:15  Drone  
  28  2:25  Drone  
  28  2:27  Drone  
  30  2:37  Queen  
  30  2:40  Queen  
  30  2:42  Overlord  
  34  2:45  Overlord  
  34  2:49  Drone  
  34  2:50  Drone  
  36  3:02  Drone  
  36  3:03  Drone  
  38  3:11  Drone x3  
  38  3:12  Drone x2  
  43  3:14  Drone x3  
  46  3:29  Hatchery  
  46  3:30  Drone  
  46  3:35  Roach Warren  
  46  3:38  Drone  
  46  3:39  Drone  
  47  3:42  Extractor  
  47  3:43  Extractor  
  47  3:45  Drone x2  
  47  3:46  Drone  
  48  3:49  Drone x3  
  48  3:54  Overlord  
  51  3:56  Overlord  
  51  4:04  Overlord  
  51  4:15  Roach  
  51  4:16  Roach x3  
  57  4:17  Lair  
  57  4:24  Roach x3  
  57  4:25  Roach  
  57  4:28  Overlord  
  65  4:34  Zergling x8  
  69  4:40  Overlord  
  69  4:43  Ravager  
  69  4:45  Ravager  
  71  4:48  Zergling x4  
  71  4:52  Zergling x10  
  78  4:56  Ravager  
  78  4:57  Zergling x4  
  81  5:02  Zergling x4  
  81  5:05  Ravager  
  83  5:08  Zergling x4  
  83  5:10  Zergling x2  
  83  5:11  Ravager  
  85  5:19  Zergling x4  
  86  5:26  Overseer  
  86  5:27  Zergling x4  
  87  5:35  Zergling x16  
  91  5:47  Spire  
  90  5:56  Extractor  
Tags
 
Add a new tag
Caveats
  • Supply blocks, unpowered buildings, or Contaminate may cause inaccurate times.
  • Supply counts are checked every 10 seconds.